 Dungeon Crawl Stone Soup version 0.31.0-1-g2c135a008e (webtiles) character file.

Game seed: 14872592429587677755

301 qw the Shooter (level 6, -9/50 HPs)
             Began as a Djinni Hunter on Jan 23, 2024.
             Mangled by an iguana (11 damage)
             ... on level 4 of the Dungeon.
             The game lasted 00:00:11 (2661 turns).

qw the Shooter (Djinni Hunter)                      Turns: 2661, Time: 00:00:11

Health: -9/50      AC:  4    Str: 10    XL:     6   Next: 64%
Gold:   104        EV: 14    Int: 11    God:
                   SH:  0    Dex: 20

rFire   + + .        a - +0 shortbow
rCold   x . .        (shield currently unavailable)
rNeg    . . .        c - +0 leather armour
rPois   inf          (helmet restricted)
rElec   .            (no cloak)
rCorr   .            h - +0 pair of gloves
SInv    .            (boots unavailable)
Will    .....        (no amulet)
Stlth   +++          (no ring)
HPRegen 0.28/turn    (no ring)
MPRegen 0.00/turn

%: random rage (3%), infuse magic (-10 HP)
@: flying
A: sickness immunity, fire resistance 2, cold vulnerability 1, float, innate
caster, HP casting, extra vitality 1, horns 1, thin skeletal structure 1,
berserk 1, robust 1
a: no special abilities


You were on level 4 of the Dungeon.
You visited 1 branch of the dungeon, and saw 4 of its levels.

You collected 154 gold pieces.
You spent 50 gold pieces at shops.


Innate Abilities, Weirdness & Mutations

You are immune to sickness and miasma.
You are immune to poison.
Your flesh is very heat resistant. (rF++)
You are vulnerable to cold. (rC-)
You float through the air rather than walking.
You learn spells naturally, not from books.
Your magical power is your life essence.
You have superior vitality. (+4 MHP)
You have a pair of small horns on your head.
You have a somewhat thin skeletal structure. (Dex +2, Stealth+)
You sometimes lose your temper in combat.
You are robust. (+10% HP)


   Skills:
 + Level 3.0 Fighting
 - Level 5.0 Ranged Weapons
 - Level 1.0 Armour
 - Level 4.1 Dodging
 - Level 0.7 Stealth


You knew the following spells:

 Your Spells              Type           Power      Damage    Failure   Level
a - Summon Small Mammal   Summ           0%         N/A       43%         1
b - Static Discharge      Conj/Air       0%         3-3/arc   58%         2
Your spell library was empty.

Inventory:

Hand Weapons
 a - a +0 shortbow (weapon)
Armour
 c - a +0 leather armour (worn)
 e - the +3 hat of Pondering {ponderous, Will+ MP+10 Int+5}
   (You acquired it on level 1 of the Dungeon)

   Int+5:     It affects your intelligence (+5).
   Will+:     It increases your willpower.
   MP+10:     It affects your magic capacity (+10).
 h - a +0 pair of gloves (worn)
Jewellery
 f - a +6 ring of intelligence
 j - a +6 ring of dexterity
Scrolls
 b - a scroll of revelation {unknown}
 g - 2 scrolls of identify
Potions
 d - 2 potions of curing
 i - a potion of ambrosia {unknown}
 k - a potion of brilliance {unknown}

Dungeon Overview and Level Annotations

Branches:
Dungeon (4/15)
 Temple: D:4-7

Altars:

Shops:
D:2 *


Message History

The iguana bites you. The iguana barely misses you.
You shoot an arrow. The arrow hits the iguana!
You kill the iguana!
The iguana bites you.
Your Dodging skill increases to level 4!
You shoot an arrow. The arrow closely misses the iguana.
The iguana bites you but does no damage.
You shoot an arrow. The arrow closely misses the iguana.
The iguana bites you!
You shoot an arrow. The arrow hits the iguana.
The iguana is moderately wounded.
The iguana closely misses you. x2
You shoot an arrow. The arrow barely misses the iguana.
The iguana bites you.
You shoot an arrow.
The arrow hits the iguana but does no damage.
The iguana is moderately wounded.
The iguana bites you but does no damage.
You shoot an arrow. The arrow hits the iguana.
The iguana is heavily wounded.
The iguana barely misses you.
You shoot an arrow. The arrow hits the iguana.
The iguana is heavily wounded.
The iguana misses you.
The iguana bites you but does no damage.
You shoot an arrow.
The arrow hits the iguana but does no damage.
The iguana is heavily wounded.
The iguana closely misses you.
You shoot an arrow. The arrow hits the iguana.
The iguana is heavily wounded.
The iguana closely misses you.
You shoot an arrow.
The arrow hits the iguana but does no damage.
The iguana is heavily wounded.
The iguana bites you.
You shoot an arrow. The arrow hits the iguana.
The iguana is severely wounded.
The iguana bites you! x2
You die...

..#.
#....##..........>#........#
...
#.....#...........##.......#
..
#.)...##..........##......##
#.
#.........................#
#.###.#..................##
# #. ###...........#.....# .
#. ###......#...##.#.## .
#.#.......###....#### .
......l@..# ##.....# .
#......#### #.......#
##..... #..##.### #......
#.. ## ....... ..# ##
....... ... ..## .......
.... #....## ....... ......#


You could see an iguana.

Vanquished Creatures
  A black bear (D:4)
  A crimson imp (D:4)
  A hound (D:3)
  2 iguanas
  4 adders
  A dart slug (D:3)
  A ribbon worm (D:2)
  2 orcs (D:3)
  10 ball pythons
  A bat (D:2)
  5 endoplasms
  4 giant cockroaches
  2 goblins
  6 hobgoblins
  3 kobolds
  A quokka (D:2)
  2 frilled lizards
  6 rats
53 creatures vanquished.

Notes
Turn   | Place    | Note
-------+----------+-------------------------------------------
     0 | D:1      | qw the Djinni Hunter began the quest for the Orb.
     0 | D:1      | Reached XP level 1. HP: 18/18 MP: 0/0
     0 | D:1      | 0 ||| qw: Version: 0.3-a-135-gb77e89d
     0 | D:1      | 0 ||| qw: Game counter: 940
     0 | D:1      | 0 ||| qw: Melee chars always use a shield: true
     0 | D:1      | 0 ||| qw: God list: Okawaru
     0 | D:1      | 0 ||| qw: Allow faded altars: false
     0 | D:1      | 0 ||| qw: Do Orc after clearing Dungeon:15 true
     0 | D:1      | 0 ||| qw: Do second Lair branch before Depths: true
     0 | D:1      | 0 ||| qw: Lair rune preference: random
     0 | D:1      | 0 ||| qw: Goals: Normal
     0 | D:1      | 0 ||| PLANNING D:1-11
   250 | D:1      | Reached XP level 2. HP: 23/23 MP: 0/0
   372 | D:1      | 372 ||| READING scroll labelled QEFRAR FIMNOIS.
   373 | D:1      | 373 ||| READING scroll labelled ELIOLEDALE.
   373 | D:1      | Identified a scroll of acquirement
   373 | D:1      | 373 ||| ACQUIRING +3 hat of Pondering {ponderous, Will+
                  | MP+10 Int+5}
   373 | D:1      | Acquired the +3 hat of Pondering {ponderous, Will+ MP+10
                  | Int+5}
   373 | D:1      | Found the +3 hat of Pondering {ponderous, Will+ MP+10
                  | Int+5}
   375 | D:1      | 375 ||| DRINKING 2 fuming dark potions.
   376 | D:1      | 376 ||| DROPPING scroll of butterflies.
   382 | D:2      | Reached XP level 3. HP: 28/28 MP: 0/0
   382 | D:2      | Learned a level 1 spell: Summon Small Mammal
   472 | D:2      | Reached skill level 4 in Ranged Weapons
   797 | D:2      | 797 ||| RETREEEEATING.
   810 | D:2      | 810 ||| FLEEEEING.
   811 | D:2      | 811 ||| FLEEEEING.
   971 | D:2      | Found Vuanucy's Assorted Antiques.
   979 | D:2      | 979 ||| BUYING scroll labelled VENAIT AFODILA (25 gold).
   979 | D:2      | Bought a scroll labelled VENAIT AFODILA for 25 gold pieces
   979 | D:2      | 979 ||| BUYING scroll labelled VENAIT AFODILA (25 gold).
   979 | D:2      | Bought a scroll labelled VENAIT AFODILA for 25 gold pieces
   979 | D:2      | 979 ||| SHOPLISTING slimy lead amulet (125 gold, have 25).
   979 | D:2      | 979 ||| SHOPLISTING tapered ivory wand (100 gold, have 25).
  1020 | D:2      | You are sucked into a shaft and drop 2 floors!
  1033 | D:4      | 1033 ||| UPGRADING to +1 helmet.
  1038 | D:4      | 1038 ||| UPGRADING to +0 pair of gloves.
  1043 | D:4      | 1043 ||| READING 2 scrolls labelled ORRA JULUSTETS.
  1144 | D:4      | 1144 ||| READING 2 scrolls labelled VENAIT AFODILA.
  1149 | D:4      | 1149 ||| DROPPING scroll of vulnerability.
  1151 | D:4      | 1151 ||| FLEEEEING.
  1152 | D:4      | 1152 ||| STAIRDANCE
  1155 | D:3      | Reached XP level 4. HP: 34/34 MP: 0/0
  1245 | D:2      | Reached skill level 3 in Fighting
  1400 | D:3      | 1400 ||| STAIRDANCE
  1408 | D:2      | Reached skill level 1 in Armour
  1640 | D:3      | Reached skill level 3 in Dodging
  1640 | D:3      | Reached XP level 5. HP: 37/40 MP: 0/0
  1640 | D:3      | Learned a level 2 spell: Static Discharge
  1692 | D:3      | Found a faded altar of an unknown god.
  2096 | D:3      | 2096 ||| READING scroll labelled HEMABAWIVA.
  2097 | D:3      | 2097 ||| READING 2 scrolls labelled VEFESEC ODAMN.
  2097 | D:3      | 2097 ||| IDENTIFYING amethyst potion
  2098 | D:3      | 2098 ||| DRINKING potion of mutation.
  2098 | D:3      | Gained mutation: You are robust. (+10% HP) [potion of
                  | mutation]
  2098 | D:3      | Gained mutation: You sometimes lose your temper in combat.
                  | [potion of mutation]
  2098 | D:3      | Gained mutation: You have a somewhat thin skeletal
                  | structure. (Dex +2, Stealth+) [potion of mutation]
  2098 | D:3      | Gained mutation: You have a pair of small horns on your
                  | head. [potion of mutation]
  2111 | D:3      | 2111 ||| DROPPING +1 helmet.
  2112 | D:3      | 2112 ||| READING scroll of identify.
  2112 | D:3      | 2112 ||| IDENTIFYING 2 sedimented purple potions
  2113 | D:3      | 2113 ||| READING scroll labelled PESOLLO OBBOPP.
  2114 | D:3      | 2114 ||| DRINKING 2 golden potions.
  2150 | D:3      | 2150 ||| DROPPING 2 potions of berserk rage.
  2151 | D:3      | 2151 ||| DROPPING potion of lignification.
  2189 | D:4      | Noticed a black bear
  2193 | D:4      | 2193 ||| STAIRDANCE
  2306 | D:4      | HP: 11/44 [black bear (3)]
  2307 | D:4      | 2307 ||| READING 2 scrolls of teleportation.
  2312 | D:4      | HP: 5/44 [iguana (8)]
  2313 | D:4      | 2313 ||| READING scroll of teleportation.
  2338 | D:4      | 2338 ||| FLEEEEING.
  2339 | D:4      | 2339 ||| FLEEEEING.
  2342 | D:4      | Killed a black bear
  2343 | D:4      | Reached skill level 5 in Ranged Weapons
  2343 | D:4      | Reached XP level 6. HP: 15/50 MP: 0/0
  2594 | D:4      | Identified the +1 scale mail of Haihoelu {rC+}
  2654 | D:4      | HP: 12/50 [iguana (4)]
  2660 | D:4      | HP: 10/50 [iguana (4)]
  2661 | D:4      | HP: 2/50 [iguana (9)]
  2661 | D:4      | Mangled by an iguana

Levels and vault maps discovered:
D:1:      grunt_arrival_crossed_arrows, layout_rooms
D:2:      minmay_general_purpose_star, layout_basic, serial_shops,
          nicolae_shop_peninsula
D:3:      layout_loops_ring, shapermc_ecumenical_altar_venn,
          chequers_serial_rivers_small_a, amcnicky_mini_rare_corridor_liquid,
          chequers_serial_rivers_small_a
D:4:      layout_cave_pools, minmay_temple_entry_nine_rooms,
          minmay_fire_ice_demons

Skill      XL: |  1  2  3  4  5  6 |
---------------+-------------------+-----
Ranged Weapons | 4 5 |  5.0
Fighting       | 3 |  3.0
Armour         | 1 |  1.0
Dodging        | 3 4 |  4.1
Stealth        | |  0.7

Action                     |  1- 3 |  4- 6 || total
---------------------------+-------+-------++-------
   Fire: Shortbow          |    72 |   129 ||   201
    Use: Scroll            |     4 |     6 ||    10
         Potion            |     1 |     2 ||     3
 Armour: Leather armour    |    15 |    65 ||    80
  Dodge: Dodged            |    13 |    57 ||    70

Table legend:
 A = Non-vault XP
 B = Vault XP
 C = Vault XP percentage of total XP
 D = Non-vault monster count
 E = Vault monster count
 F = Vault count percentage of total count
                 A         B        C        D         E       F
            +---------+---------+-------+---------+---------+-------
      Total |     360 |      70 |  16.3 |      47 |       6 |  11.3
            +---------+---------+-------+---------+---------+-------
        D:1 |      15 |       0 |   0.0 |      10 |       0 |   0.0
        D:2 |      52 |      20 |  27.8 |      16 |       5 |  23.8
        D:3 |     124 |       0 |   0.0 |      16 |       0 |   0.0
        D:4 |     169 |      50 |  22.8 |       5 |       1 |  16.7
            +---------+---------+-------+---------+---------+-------
